 Dungeon Crawl Stone Soup version 0.22-a0-525-gf69a080 (webtiles) character file.

50388 Amnesiac the Slinger (level 14, -6/77 HPs)
             Began as a Spriggan Fighter on June 20, 2018.
             Was an Initiate of Gozag.
             Mangled by a human (7 damage)
             ... while paralysed by a wizard
             ... on level 14 of the Dungeon.
             The game lasted 00:49:39 (28586 turns).

Amnesiac the Slinger (Spriggan Fighter)            Turns: 28586, Time: 00:49:40

Health: -6/77      AC: 13    Str: 16    XL:     14   Next: 19%
Magic:  22/22      EV:  4    Int: 10    God:    Gozag
Gold:   5632       SH:  0    Dex: 16    Spells: 13/13 levels left

rFire    + + +     SeeInvis +   a - +0 fustibalus (flame)
rCold    . . .     Gourm    .   C - +3 buckler {rC+}
rNeg     . . .     Faith    .   B - +2 fire dragon scales
rPois    +         Spirit   .   (helmet restricted)
rElec    .         Reflect  .   (no cloak)
rCorr    +         Harm     +   (gloves unavailable)
MR       ++...                  (boots unavailable)
Stlth    ..........             T - amulet of the Ancient Hells {Harm *Drain rF+ Slay+2}
HPRegen  0.22/turn              Q - ring of resist corrosion
MPRegen  0.18/turn              L - ring of poison resistance

@: paralysed, lethally poisoned (-6 -> -9), very quick
A: very small, unfitting armour, see invisible, herbivore, speed 3, slow
metabolism 2
a: Potion Petition, Call Merchant, Bribe Branch, Renounce Religion


You were on level 14 of the Dungeon.
You worshipped Gozag.
Gozag was greatly pleased with you.
You were not hungry.

You visited 3 branches of the dungeon, and saw 17 of its levels.

You collected 8560 gold pieces.
You spent 2801 gold pieces at shops.
You paid 127 gold pieces to Gozag.

Inventory:

Hand Weapons
 a - a +0 fustibalus of flaming (weapon)
 b - a +0 blowgun
 F - a +4 scimitar of flaming
Missiles
 i - 113 stones (quivered)
 D - 28 poisoned needles
 E - 52 sling bullets
 H - 2 tomahawks of returning
 M - 24 tomahawks
Armour
 B - +2 fire dragon scales (worn)
 C - a +3 buckler of cold resistance (worn)
Jewellery
 g - an uncursed ring of teleportation
 r - an uncursed ring of protection from magic
 z - an uncursed ring of fire
 L - a ring of poison resistance (right hand)
 Q - a ring of resist corrosion (left hand)
 R - an uncursed ring of protection from magic
 T - the amulet of the Ancient Hells (around neck) {Harm *Drain rF+ Slay+2}
   (You bought it in a shop on level 2 of the Orcish Mines)

   [amulet of harm]

   It increases damage dealt and taken.
   It affects your accuracy and damage with ranged weapons and melee attacks
   (+2).
   It protects you from fire.
   It causes draining when unequipped.
Wands
 q - a wand of polymorph (6)
 G - a wand of paralysis (16)
 I - a wand of disintegration (6)
 J - a wand of iceblast (12)
 K - a wand of random effects (7)
 N - a wand of acid (10)
Scrolls
 e - 3 scrolls of blinking {!r}
 m - a scroll of immolation {!r, unknown}
 s - 9 scrolls of teleportation {!r}
 t - 6 scrolls of magic mapping {!r}
 u - 2 scrolls of fog {!r}
 x - 3 scrolls of remove curse {!r}
 y - 4 scrolls of fear {!r}
 A - 2 scrolls of amnesia {!r}
 P - a scroll of summoning {!r, unknown}
Potions
 c - a potion of ambrosia {!q}
 d - 4 potions of might {!q}
 h - 6 potions of curing {!q}
 j - 4 potions of haste {!q}
 k - 4 potions of heal wounds {!q}
 l - 4 potions of flight {!q}
 n - a potion of brilliance {!q}
 o - 6 potions of lignification {!q}
 p - 3 potions of mutation {!q}
 v - 3 potions of agility {!q}
 w - 2 potions of magic {!q}
 O - a potion of cancellation {!q}
Comestibles
 f - 19 rations


   Skills:
 * Level 10.0 Fighting
 - Level 2.0 Long Blades
 - Level 14.1 Slings
 * Level 9.7 Armour
 + Level 11.1 Dodging
 - Level 7.5 Shields
 + Level 10.3 Evocations


You had 13 spell levels left.
You didn't know any spells.
Your spell library contained the following spells:

 Spells                   Type           Power        Failure   Level  Hunger
 Fireball                 Conj/Fire      #.........   100%        5    ######.
 Conjure Flame            Conj/Fire      #.......     99%         3    ####...
 Lightning Bolt           Conj/Air       #.........   100%        5    ######.
 Throw Flame              Conj/Fire      #.....       90%         2    ###....
 Throw Frost              Conj/Ice       #.....       90%         2    ###....
 Freeze                   Ice            #...         80%         1    ##.....
 Sticky Flame             Conj/Fire      #.......     100%        4    #####..
 Summon Ice Beast         Ice/Summ       #.......     100%        4    #####..
 Ozocubu's Armour         Chrm/Ice       #.......     99%         3    ####...
 Shock                    Conj/Air       #...         80%         1    ##.....
 Swiftness                Chrm/Air       #.......     90%         2    ###....
 Throw Icicle             Conj/Ice       #.......     100%        4    #####..
 Airstrike                Air            #.........   100%        4    #####..
 Flame Tongue             Conj/Fire      #....        80%         1    ##.....
 Static Discharge         Conj/Air       #.......     99%         3    ####...
 Inner Flame              Hex/Fire       #.......     99%         3    ####...


Dungeon Overview and Level Annotations

Branches:
Dungeon (14/15) Temple (1/1) D:5 Lair (0/6) D:11 Orc (2/2) D:12 Elf (0/3) Orc:2 Vaults (0/5) D:13 D:14

Altars:
Cheibriados
Dithmenos
Elyvilon
Fedhas
Gozag
Hepliaklqana
Kikubaaqudgha
Makhleb
Nemelex Xobeh
Okawaru
Qazlal
Ru
Sif Muna
Trog
Uskayaw
Vehumet
Wu Jian
Xom
Yredelemnul
Zin
The Shining One
Beogh

Shops:
D:6 [   D:9 ?   D:10 :%(   D:13 *   Orc:2 *[(=*

Annotations:
D:6 ThereIsNoGod's ghost, novice DDFi


Innate Abilities, Weirdness & Mutations

You are very small and have problems with some larger weapons.
You are too small for most types of armour.
You have supernaturally acute eyesight. (SInv)
You are a herbivore.
You cover ground extremely quickly.
You need to consume almost no food.


Message History

That would be overly suicidal.
Okay, then.
You now have 5602 gold pieces (gained 5).
i - 91 stones (gained 4)
You now have 5607 gold pieces (gained 5).
i - 92 stones (gained 1)
You now have 5611 gold pieces (gained 4).
i - 98 stones (gained 6)
You now have 5617 gold pieces (gained 6).
i - 103 stones (gained 5)
You now have 5623 gold pieces (gained 6).
i - 105 stones (gained 2)
You now have 5632 gold pieces (gained 9).
i - 107 stones (gained 2)
i - 110 stones (gained 3)
i - 111 stones (gained 1) HP restored.
There is a stone staircase leading down here.
There is a stone staircase leading up here.
Key pressed, stopping explore.
i - 113 stones (gained 2) Done exploring.
Done exploring.
Done exploring.
Done exploring.
Things that are here:
a giant club x2
There is a stone staircase leading down here.
You start resting.
You climb downwards.
The ice beast barely misses you.
The meliai invokes the aid of its god against you.
Something smites you!
The wyvern bites you but does no damage.
The centaur warrior unwields an uncursed longbow.
The centaur warrior hits you!
There is a stone staircase leading up, spattered with blood here.
You see here 2 arrows.
The human completely misses you. You block the ice beast's attack.
You block the scorpion's attack.
The orc knight hits you with an enchanted broad axe!
The wyvern barely misses you.
The wizard gestures at you while chanting.
You suddenly lose the ability to move!
The centaur warrior hits you. The human hits you but does no damage.
The wyvern bites you.
* * * LOW HITPOINT WARNING * * *
The human hits you but does no damage. The centaur warrior hits you.
* * * LOW HITPOINT WARNING * * *
The ice beast hits you but does no damage.
The scorpion stings you.
* * * LOW HITPOINT WARNING * * *
You are poisoned.
The scorpion poisons you! The human hits you.
* * * LOW HITPOINT WARNING * * *
The orc knight hits you with an enchanted broad axe!
* * * LOW HITPOINT WARNING * * *
The human hits you but does no damage.
The wyvern bites you but does no damage.
* * * LOW HITPOINT WARNING * * *
You feel sick.
The centaur warrior hits you but does no damage.
The human hits you.
You die...
Your body crumbles into a pile of gold.

### .y# ....$ .# #.#
.....#######.# #.#
#............# #y#
#............# ##.#
..O...=......# #.<#
#y....J.p...#
#.#..J.#..)ylpp....#
#. .####...pY@pa...#
.. O. .O...Dcso...(#
#..
........Tpp.....#
#..
................#
...
......$.........#
..O
......(.........#
.............#
..<...[......#
...........##


You could see a seven-headed hydra, an orc knight, a centaur warrior, a
two-headed ogre, a wizard, a troll, a soldier ant, 6 humans, a wyvern, an ice
beast, an ogre, 2 meliai, a scorpion and a jelly.

Vanquished Creatures
  A fire giant (D:13)
  An orc warlord (Orc:1)
  The ghost of Pubisec the Bludgeoner, a journeyman MiFi of Zin (D:13)
  Nessos (Orc:2)
  Snorg (D:12)
  An ice dragon (D:13)
  Erica (D:8)
  A death knight (D:11)
  5 two-headed ogres
  3 death yaks
  3 orc high priests
  A shadow wraith (D:13)
  A skeletal warrior (D:11)
  2 unseen horrors (D:11)
  2 phantasmal warriors
  5 orc knights
  7 orc sorcerers
  7 cyclopes
  4 ugly things
  A spectral centaur (D:13)
  A freezing wraith (D:11)
  A kobold demonologist (D:11)
  A redback zombie (D:13)
  4 meliai (D:13)
  A queen bee (Orc:1)
  8 trolls
  A wind drake (shapeshifter) (D:13)
  Prince Ribbit (D:8)
  2 hippogriffs (D:11)
  4 centaur simulacra (D:13)
  3 wyverns
  A vampire (D:11)
  10 humans (D:13)
  27 yaks
  A steam dragon (D:10)
  3 wraiths
  3 wargs
  An acid dragon (D:13)
  2 water moccasins
  A meliai simulacrum (D:13)
  A black bear (D:11)
  22 orc warriors
  5 ice beasts
  2 phantoms
  5 sky beasts
  10 ogres
  3 centaurs
  A crocodile (D:9)
  2 big kobolds
  11 bullfrogs
  5 scorpions
  33 killer bees
  2 howler monkeys (D:8)
  9 wights
  A howler monkey (shapeshifter) (D:13)
  10 crimson imps
  3 quasits
  6 centaur zombies
  6 bullfrog zombies
  6 hounds
  20 orc wizards
  20 orc priests
  A bullfrog skeleton (D:13)
  2 jellies (D:9)
  2 centaur skeletons
  Jessica (D:2)
  2 iguanas
  11 worker ants
  A spectral hound (D:6)
  A hound zombie (D:6)
  A hound skeleton (D:5)
  A howler monkey zombie (D:8)
  3 worker ant zombies
  12 adders
  A shadow imp (D:8)
  2 oozes
  An adder zombie (D:6)
  3 adder skeletons
  A worm (D:2)
  5 dart slugs
  6 leopard geckos
  91 orcs
  4 giant cockroaches
  6 goblins
  3 hobgoblins
  6 jackals
  17 kobolds
  4 quokkas
  2 ball pythons
  A ball python zombie (D:5)
  5 bats
  7 frilled lizards
  A giant cockroach zombie (D:6)
  A leopard gecko skeleton (D:6)
  A quokka skeleton (D:8)
  6 rats
520 creatures vanquished.

Vanquished Creatures (collateral kills)
  An orc wizard (D:6)
  An adder zombie (D:6)
  An orc (D:6)
3 creatures vanquished.

Grand Total: 523 creatures vanquished

Notes
Turn   | Place    | Note
-------+----------+-------------------------------------------
     0 | D:1      | Amnesiac the Spriggan Fighter began the quest for the Orb.
     0 | D:1      | Reached XP level 1. HP: 11/11 MP: 2/2
   156 | D:4      | Reached XP level 2. HP: 16/16 MP: 3/3
   160 | D:4      | Noticed a scorpion
   619 | D:4      | Noticed a phantom
   872 | D:5      | Entered Level 5 of the Dungeon
   887 | D:5      | Reached skill level 5 in Dodging
   887 | D:5      | Reached XP level 3. HP: 18/19 MP: 4/4
   937 | D:5      | Found a staircase to the Ecumenical Temple.
   957 | Temple   | Entered the Ecumenical Temple
  1358 | Temple   | Became a worshipper of Gozag Ym Sagoz the Greedy
  2611 | D:2      | Reached XP level 4. HP: 21/23 MP: 5/5
  3063 | D:2      | Noticed Jessica
  3072 | D:2      | Found a shadowy altar of Dithmenos.
  3076 | D:2      | Killed Jessica
  3653 | D:3      | Found a glowing silver altar of Zin.
  3677 | D:4      | Reached XP level 5. HP: 27/27 MP: 6/6
  4271 | D:5      | Reached XP level 6. HP: 9/32 MP: 7/7
  4334 | D:5      | Noticed a sky beast
  4511 | D:5      | Noticed an ice beast
  4740 | D:5      | Found a snail-covered altar of Cheibriados.
  4779 | D:5      | Found a snail-covered altar of Cheibriados.
  4870 | D:5      | Reached skill level 5 in Shields
  4870 | D:5      | Reached XP level 7. HP: 24/35 MP: 8/8
  5378 | D:5      | Found a shimmering altar of Xom.
  5891 | D:6      | Found Poneh's Armour Shop.
  6367 | D:6      | Bought a +2 buckler of cold resistance for 258 gold pieces
  7506 | D:6      | Reached XP level 8. HP: 39/39 MP: 9/9
  7721 | D:6      | Found a runed gate.
  7722 | D:6      | Found a runed gate.
  7722 | D:6      | Found a runed gate.
  7724 | D:6      | Noticed ThereIsNoGod's ghost (novice DDFi)
  8694 | D:7      | Reached skill level 1 in Armour
  8860 | D:7      | Found a bloodstained altar of Trog.
  8872 | D:7      | Found a radiant altar of Vehumet.
  9625 | D:7      | Noticed a gargoyle
  9803 | D:6      | Bought +2 fire dragon scales for 864 gold pieces
 10027 | D:4      | Reached XP level 9. HP: 45/45 MP: 10/10
 10271 | D:8      | Noticed Erica
 10307 | D:8      | Killed Erica
 11038 | D:8      | Noticed Prince Ribbit
 11042 | D:8      | Reached skill level 5 in Armour
 11051 | D:8      | Got a twisted robe
 11058 | D:8      | Killed Prince Ribbit
 11312 | D:9      | Found Igrud's Magic Scroll Boutique.
 11318 | D:9      | Reached skill level 5 in Fighting
 11326 | D:9      | Bought a scroll of enchant weapon for 97 gold pieces
 11410 | D:8      | Reached XP level 10. HP: 20/51 MP: 14/14
 11706 | D:9      | Reached skill level 5 in Evocations
 11934 | D:9      | Identified the +2 robe of Wocvod {Str+2} (You took it off a centaur on level 8 of the Dungeon)
 12405 | D:10     | Entered Level 10 of the Dungeon
 12802 | D:10     | Found Muyr's Antique Weapon Shop.
 12851 | D:10     | Found Ulism's Book Boutique.
 13054 | D:10     | Noticed a two-headed ogre
 13103 | D:10     | Bought a fustibalus for 495 gold pieces
 13198 | D:10     | Killed a two-headed ogre
 13198 | D:10     | Reached skill level 3 in Slings
 13198 | D:10     | Reached XP level 11. HP: 56/56 MP: 17/17
 13255 | D:10     | Found Juinloin's Food Boutique.
 14065 | D:11     | Noticed a death yak
 14067 | D:11     | Noticed a death yak
 14070 | D:11     | Noticed a death yak
 14430 | D:11     | Noticed a two-headed ogre
 14443 | D:11     | Reached skill level 4 in Slings
 14569 | D:11     | Killed a two-headed ogre
 14569 | D:11     | Reached skill level 5 in Slings
 14897 | D:11     | Reached skill level 6 in Slings
 14905 | D:11     | Found a staircase to the Lair.
 15369 | D:11     | Reached skill level 7 in Slings
 15447 | D:11     | Noticed a two-headed ogre
 15475 | D:11     | Killed a two-headed ogre
 15532 | D:11     | Noticed an unseen horror
 15547 | D:11     | Killed an unseen horror
 15547 | D:11     | Reached skill level 8 in Slings
 16048 | D:11     | Killed a death yak
 16048 | D:11     | Reached skill level 9 in Slings
 16180 | D:10     | Killed a death yak
 16180 | D:10     | Reached skill level 10 in Slings
 16526 | D:11     | Noticed an unseen horror
 16540 | D:11     | Killed an unseen horror
 16908 | D:10     | Reached XP level 12. HP: 51/63 MP: 18/18
 17055 | D:11     | Reached skill level 11 in Slings
 17348 | D:11     | Killed a death yak
 17626 | D:12     | Noticed a death knight
 17719 | D:11     | Killed a death knight
 18105 | D:10     | Reached skill level 12 in Slings
 19170 | D:12     | Noticed Snorg
 19335 | D:12     | Reached skill level 13 in Slings
 19501 | D:12     | Killed Snorg
 19817 | D:12     | Found a staircase to the Orcish Mines.
 20048 | D:12     | HP: 3/63 [wyvern (14)]
 20428 | D:12     | Reached skill level 14 in Slings
 21617 | Orc:1    | Entered Level 1 of the Orcish Mines
 21643 | Orc:1    | Noticed a two-headed ogre
 21650 | Orc:1    | Killed a two-headed ogre
 21853 | Orc:1    | Paralysed by an orc sorcerer for 6 turns
 22328 | Orc:1    | Reached XP level 13. HP: 66/68 MP: 20/20
 22705 | Orc:1    | Noticed an orc warlord
 22846 | Orc:1    | Killed an orc warlord
 23257 | Orc:2    | Entered Level 2 of the Orcish Mines
 23257 | Orc:2    | Found Rinid's Assorted Antiques.
 23335 | Orc:2    | Bought a wand of paralysis (14) for 72 gold pieces
 24050 | Orc:2    | Found a roughly hewn altar of Beogh.
 25992 | Orc:2    | Reached skill level 10 in Dodging
 26208 | Orc:2    | Found Rukk's Antique Weapon Boutique.
 26208 | Orc:2    | Found Gank's Antique Armour Boutique.
 26220 | Orc:2    | Found Rifax's Assorted Antiques.
 26220 | Orc:2    | Found Emopn's Jewellery Shoppe.
 26248 | Orc:2    | Bought a scroll labeled HYALATH ITWOSK for 36 gold pieces
 26248 | Orc:2    | Bought a scintillating bronze amulet for 180 gold pieces
 26250 | Orc:2    | Bought a runed fustibalus for 666 gold pieces
 26310 | Orc:2    | Noticed Nessos
 26313 | Orc:2    | Killed Nessos
 26319 | Orc:2    | Identified the amulet of the Ancient Hells {Harm *Drain rF+ Slay+2} (You bought it in a shop on level 2 of the Orcish Mines)
 26381 | Orc:2    | Found a staircase to the Elven Halls.
 26748 | D:13     | Found a runed gate.
 26748 | D:13     | Found a runed gate.
 26748 | D:13     | Found a runed gate.
 26825 | D:13     | Found Boalotan's General Store.
 26856 | D:13     | Bought 15 stones for 21 gold pieces
 26856 | D:13     | Bought 16 sling bullets for 112 gold pieces
 26893 | D:13     | Noticed a fire giant
 26911 | D:14     | Found a gate to the Vaults.
 27292 | D:13     | Killed a fire giant
 27400 | D:13     | Reached skill level 10 in Evocations
 27676 | D:13     | Reached XP level 14. HP: 76/76 MP: 22/22
 27756 | D:13     | Noticed Pubisec's ghost (journeyman MiFi)
 27914 | D:13     | Killed Pubisec's ghost
 28350 | D:13     | Reached skill level 10 in Fighting
 28584 | D:14     | Paralysed by a wizard for 7 turns
 28585 | D:14     | HP: 2/77 [orc knight/enchanted broad axe (19)]
 28586 | D:14     | Mangled by a human

Vault maps used:
D:1:      saegor_arrival_simple_a
D:2:      grunt_dithmenos_smoke_and_mirrors, uniq_jessica
D:3:      zin_treasury, minmay_fountain_box
D:5:      minmay_opposing_rooms, marbit_many_paths, lemuel_round_altar,
          minmay_temple_entry_purple_smoke, first_ration, kennysheep_slug_shrine
D:6:      gammafunk_ghost_necromancy, serial_shops, shop
D:7:      cheibrodos_statue_roulette, kennysheep_mini,
          grunt_temple_overflow_open
D:8:      uniq_prince_ribbit1, uniq_erica
D:9:      serial_shops, shop_scrolls
D:10:     serial_shops, shop, nicolae_shop_crystal, nicolae_shop_waterfront,
          kennysheep_generic_room_9
D:11:     dpeg_lair_monsters
D:12:     hiddenorc2_lemuel, uniq_snorg
D:13:     minmay_glassy_protrusions, gammafunk_ghost_necromancy, serial_shops,
          nicolae_shop_window_shopping
D:14:     david_vaults_3
Temple:   regret_index_temple_waves
Orc:1:    special_room, nicolae_orc_damp_corner
Orc:2:    st_orc_elflike, serial_shops, shop, special_room, minmay_orc_temple_b,
          uniq_nessos

Skill      XL: |  1  2  3  4  5  6  7  8  9 10 11 12 13 14 |
---------------+-------------------------------------------+-----
Dodging        | 5 6 7 8 10 11 | 11.1
Shields        | 3 4 5 6 7 |  7.5
Armour         | 3 5 7 8 9 |  9.7
Fighting       | 3 5 6 7 8 9 10 | 10.0
Evocations     | 4 7 8 10 | 10.3
Long Blades    | 2 |  2.0
Slings         | 3 10 14 | 14.1

Action                   |  1- 3 |  4- 6 |  7- 9 | 10-12 | 13-15 || total
-------------------------+-------+-------+-------+-------+-------++-------
Melee: Long sword        |   102 |   165 |   356 |       |       ||   623
       Scimitar          |       |       |   116 |   237 |     3 ||   356
       Unarmed           |       |       |     8 |       |       ||     8
 Fire: Fustibalus        |       |       |       |  1413 |   946 ||  2359
       Blowgun           |       |       |       |    39 |    60 ||    99
Throw: Stone             |       |       |     8 |       |     3 ||    11
       Tomahawk          |       |       |       |       |    36 ||    36
Invok: Potion Petition   |       |       |     1 |       |       ||     1
Evoke: Wand              |       |       |    12 |     8 |     9 ||    29
  Use: Potion            |     2 |       |     4 |       |     1 ||     7
       Scroll            |       |    11 |     3 |     9 |     5 ||    28
 Stab: Sleeping          |     3 |     1 |     2 |       |       ||     6
  Eat: Ration            |       |     2 |     3 |     6 |     2 ||    13
Armor: Robe              |     7 |     7 |    12 |       |       ||    26
       Fire dragon scale |       |       |    45 |   171 |    64 ||   280
       Skin              |       |       |     7 |       |       ||     7
Dodge: Dodged            |    94 |   139 |   398 |   538 |   258 ||  1427
Block: Buckler           |    37 |    56 |   220 |   429 |   208 ||   950
       Rpst.: Long sword |    40 |    47 |   108 |       |       ||   195
       Scimitar          |       |       |    21 |    51 |     1 ||    73

Table legend:
 A = Spawn XP
 B = Non-spawn XP
 C = Spawn XP percentage of total XP
 D = Spawn monster count
 E = Non-spawn monster count
 F = Spawn count percentage of total count
 G = Total turns spent on level
                    A         B        C        D         E        F      G
               +---------+---------+-------+---------+---------+-------+---------
         Total |       0 |   71983 |   0.0 |       0 |     523 |   0.0 | 28586
               +---------+---------+-------+---------+---------+-------+---------
           D:1 |       0 |      39 |   0.0 |       0 |      18 |   0.0 |   998
           D:2 |       0 |      92 |   0.0 |       0 |      18 |   0.0 |   849
           D:3 |       0 |      16 |   0.0 |       0 |      11 |   0.0 |   605
           D:4 |       0 |     301 |   0.0 |       0 |      11 |   0.0 |  1299
           D:5 |       0 |     586 |   0.0 |       0 |      21 |   0.0 |  2454
           D:6 |       0 |     745 |   0.0 |       0 |      36 |   0.0 |  2033
           D:7 |       0 |     430 |   0.0 |       0 |       6 |   0.0 |  1108
           D:8 |       0 |    2709 |   0.0 |       0 |      24 |   0.0 |  1259
           D:9 |       0 |    2026 |   0.0 |       0 |      40 |   0.0 |  1840
          D:10 |       0 |    7587 |   0.0 |       0 |      33 |   0.0 |  2378
          D:11 |       0 |   12399 |   0.0 |       0 |      55 |   0.0 |  4192
          D:12 |       0 |    8094 |   0.0 |       0 |      62 |   0.0 |  2550
          D:13 |       0 |   16963 |   0.0 |       0 |      68 |   0.0 |  2109
         Orc:1 |       0 |    9708 |   0.0 |       0 |      55 |   0.0 |  2836
         Orc:2 |       0 |   10288 |   0.0 |       0 |      65 |   0.0 |  1826
               +---------+---------+-------+---------+---------+-------+---------
